 Dungeon Crawl Stone Soup version 0.32-a0-593-g85ff8e36a1 (webtiles) character file.

Game seed: 6774091846690025226

400 Strat the Chopper (level 6, -1/47 HPs)
             Began as a Human Fighter on Mar 2, 2024.
             Was a Follower of Okawaru.
             Slain by an ogre
             ... wielding a +0 giant club
              (30 damage)
             ... on level 4 of the Dungeon.
             The game lasted 00:05:34 (2504 turns).

Strat the Chopper (Human Fighter)                   Turns: 2504, Time: 00:05:35

Health: -1/47      AC:  7    Str: 18    XL:     6   Next: 84%
Magic:  6/6        EV:  9    Int:  8    God:    Okawaru [*.....]
Gold:   280        SH:  5    Dex: 19    Spells: 5/5 levels left

rFire   . . .        a - +0 war axe
rCold   . . .        c - +0 buckler
rNeg    . . .        f - +0 scale mail
rPois   .            g - +0 helmet
rElec   .            (no cloak)
rCorr   .            (no gloves)
SInv    .            (no boots)
Will    .....        (no amulet) Stlth
                     l - +6 ring of dexterity
HPRegen 0.27/turn    o - ring of flight
MPRegen 0.10/turn

%: no passive effects
@: flying
A: explore regen
a: Renounce Religion, Heroism


You were on level 4 of the Dungeon.
You worshipped Okawaru.
Okawaru was aware of your devotion.
You visited 2 branches of the dungeon, and saw 5 of its levels.

You collected 280 gold pieces.

Inventory:

Hand Weapons
 a - a +0 war axe (weapon)
 b - a +3 sling
Missiles
 t - 4 curare-tipped darts (quivered)
Armour
 c - a +0 buckler (worn)
 f - a +0 scale mail (worn)
 g - a +0 helmet (worn)
Jewellery
 l - a +6 ring of dexterity (left hand)
 o - a ring of flight (right hand)
Wands
 m - a wand of paralysis (9)
 p - a wand of flame (23)
 q - a wand of warping (13)
Scrolls
 e - a scroll of noise {unknown}
 h - 2 scrolls of poison {unknown}
 i - 2 scrolls of identify {unknown}
 k - 2 scrolls of immolation {unknown}
 n - 2 scrolls of summoning {unknown}
 s - 3 scrolls of teleportation {unknown}
 u - a scroll of torment {unknown}
Potions
 d - a potion of might
 j - a potion of heal wounds {unknown}
 r - a potion of haste {unknown}


   Skills:
 - Level 3.0 Fighting
 + Level 7.1 Axes
 - Level 3.0 Armour
 - Level 3.0 Shields


You had 5 spell levels left.
You didn't know any spells.
Your spell library contained the following spells:

 Spells                   Type           Power      Damage    Failure   Level
 Magic Dart               Conj           0%         1d3       86%         1
 Shock                    Conj/Air       0%         1d3       86%         1
 Jinxbite                 Hex            0%         N/A       95%         2
 Searing Ray              Conj           0%         2d4       95%         2
 Swiftness                Air            0%         N/A       99%         3
 Airstrike                Air            0%         2d(0-16)  100%        4
 Fulminant Prism          Conj/Alch      0%         3d5       100%        4
 Yara's Violent Unravell  Hex/Alch       0%         3d3       100%        5
 Enfeeble                 Hex            0%         N/A       100%        7


Dungeon Overview and Level Annotations

Branches:
Dungeon (4/15)             Temple (1/1) D:4

Altars:
Ashenzari
Dithmenos
Elyvilon
Fedhas
Gozag
Kikubaaqudgha
Makhleb
Nemelex Xobeh
Okawaru
Qazlal
Ru
Sif Muna
Vehumet
Yredelemnul
The Shining One


Innate Abilities, Weirdness & Mutations

You regain HP and MP as you explore.


Message History

a - a +0 war axe (weapon)
The phantom hits you but does no damage.
You slash the phantom!
The phantom is heavily damaged.
The phantom hits you.
The phantom blinks!
You blink.
You closely miss the phantom.
The phantom is heavily damaged.
The phantom hits you but does no damage.
You slash the phantom!
You destroy the phantom!
Okawaru accepts your kill.
Your Axes skill increases to level 7!
No target in view!
No target in view!
b - a +3 sling (weapon)
You reach down and open the door.
There is an open door here.
You now have 280 gold pieces (gained 13).
There is an open door here.
An ogre comes into view. It is wielding a +0 giant club.
The ogre shouts!
You shoot a sling bullet. The sling bullet hits the ogre.
The ogre is lightly wounded.
You block the ogre's attack.
a - a +0 war axe (weapon)
You slash the ogre!
The ogre is moderately wounded.
The ogre hits you with a +0 giant club!!
* * * LOW HITPOINT WARNING * * *
You are too injured to fight recklessly!
You hit the ogre.
The ogre is heavily wounded.
You hit the ogre.
The ogre is severely wounded.
You block the ogre's attack.
You barely miss the ogre.
The ogre is severely wounded.
The ogre hits you with a +0 giant club!!
Ouch! That really hurt!
You die...

...'.....#..###'##.##.##
...###......#....#...)#
...# #......#....#.##.#
##.###.#....#....#....#
.......#....#....#.####
.#.###...#..#....#.#
............######.#
.#.................####
...........#....@.....#
....#....#.#..#.#O###.#
...##..#.#.#..#.#.#
.#.....#........#.#
..................#
#...#.....##.###..#
#..[#.....##.# ..#
#...#.....##.. ..#
..........# .# .##


You could see an ogre.

Vanquished Creatures
  2 phantoms (D:4)
  2 hounds (D:4)
  An orc priest (D:3)
  A jelly (D:4)
  6 adders
  2 dart slugs
  A ribbon worm (D:3)
  8 orcs
  10 endoplasms
  A giant cockroach (D:2)
  6 goblins
  6 hobgoblins
  5 jackals
  4 kobolds
  2 quokkas (D:3)
  4 ball pythons
  2 bats (D:1)
  4 frilled lizards
  5 rats
72 creatures vanquished.

Notes
Turn   | Place    | Note
-------+----------+-------------------------------------------
     0 | D:1      | Strat the Human Fighter began the quest for the Orb.
     0 | D:1      | Reached XP level 1. HP: 18/18 MP: 1/1
    74 | D:1      | Reached XP level 2. HP: 23/24 MP: 2/2
   161 | D:1      | Reached skill level 3 in Axes
   584 | D:2      | Reached XP level 3. HP: 29/29 MP: 3/3
   898 | D:2      | Reached skill level 4 in Axes
   968 | D:2      | Found a shimmering blue altar of Sif Muna.
  1265 | D:3      | Reached XP level 4. HP: 35/35 MP: 4/4
  1473 | D:3      | Reached skill level 5 in Axes
  1580 | D:3      | Reached XP level 5. HP: 35/41 MP: 5/5
  1923 | D:4      | Found a staircase to the Ecumenical Temple.
  1932 | Temple   | Entered the Ecumenical Temple
  1949 | Temple   | Became a worshipper of Warmaster Okawaru
  2176 | D:4      | Noticed a phantom
  2189 | D:4      | Killed a phantom
  2189 | D:4      | Reached * piety under Okawaru
  2190 | D:4      | Reached skill level 6 in Axes
  2190 | D:4      | Reached XP level 6. HP: 41/47 MP: 6/6
  2443 | D:4      | Reached skill level 7 in Axes
  2504 | D:4      | Slain by an ogre

Illustrated notes

Levels and vault maps discovered:
D:1:      spicycebolla_arrival_clurvy, layout_rooms, minmay_stone_trees_medium,
          nicolae_concentric_dashed_squares_mild, amethyst_killhole
D:2:      layout_basic, basic_altar
D:3:      layout_rooms
D:4:      layout_basic, lemuel_temple_firewalk_b, small_statue_intersection,
          grunt_decor_arrowhead, nrook_mini_vaults, st_stairs_9
Temple:   nicolae_temple_ecumenical_triangle

Skill      XL: |  1  2  3  4  5  6 |
---------------+-------------------+-----
Axes           | 3 4 5 6 7 |  7.1
Fighting       | |  3.0
Armour         | |  3.0
Shields        | |  3.0

Action                     |  1- 3 |  4- 6 || total
---------------------------+-------+-------++-------
  Melee: War axe           |    59 |    90 ||   149
   Fire: Sling             |    47 |    23 ||    70
 Armour: Scale mail        |    66 |    67 ||   133
  Dodge: Dodged            |    46 |    34 ||    80
  Block: Buckler           |    20 |    20 ||    40

Table legend: (Time is in decaauts)
 A = Elapsed time spent in this place.
 B = Non-inter-level travel time spent in this place.
 C = Inter-level travel time spent in this place.
 D = Time resting spent in this place.
 E = Time spent auto-exploring this place.
 F = Levels seen in this place.
 G = Mean time per level.
                   A        B        C        D        E       F      G
               +--------+--------+--------+--------+--------+-----+--------+
         Total |   2577 |   2429 |    148 |    158 |   1636 |   5 |  515.4 |
       Dungeon |   2543 |   2411 |    132 |    158 |   1636 |   4 |  635.8 |
        Temple |     34 |     18 |     16 |      0 |      0 |   1 |   34.0 |
               +--------+--------+--------+--------+--------+-----+--------+

Top non-repeatable levels by time:
     D:2: 736 daAuts
     D:4: 710 daAuts
     D:3: 589 daAuts
     D:1: 506 daAuts
  Temple: 34 daAuts
